 Dungeon Crawl Stone Soup version 0.29.1-12-g30fa7ad0bf (webtiles) character file.

Game seed: 13419609840454175120

119 sillycutie the Chopper (level 4, 0/40 HPs)
             Began as a Minotaur Berserker on Jan 8, 2023.
             Was a Believer of Trog.
             Splashed by a jelly's acid (8 damage)
             ... on level 4 of the Dungeon.
             The game lasted 00:27:30 (4495 turns).

sillycutie the Chopper (Minotaur Berserker)         Turns: 4495, Time: 00:27:35

Health: 0/40       AC: -2    Str: 23    XL:     4   Next: 74%
Magic:  3/3        EV: 11    Int:  4    God:    Trog [**....]
Gold:   150        SH:  0    Dex: 10    Spells: 3/3 levels left

rFire   . . .      SeeInvis .   a - +0 hand axe
rCold   . . .      Faith    .   (no shield)
rNeg    . . .      Spirit   .   f - +0 ring mail
rPois   .          Reflect  .   (helmet restricted)
rElec   .          Harm     .   (no cloak)
rCorr   .          Rampage  .   (no gloves)
Will    .....                   (no boots)
Stlth   ..........              (no amulet)
HPRegen 0.13/turn               (no ring)
MPRegen 0.08/turn               (no ring)

@: corroded
A: horns 2, retaliatory headbutt
a: Renounce Religion, Berserk, Trog's Hand


You were on level 4 of the Dungeon.
You worshipped Trog.
Trog was pleased with you.
You visited 1 branch of the dungeon, and saw 4 of its levels.

You collected 150 gold pieces.

Inventory:

Hand Weapons
 a - a +0 hand axe (weapon)
Missiles
 c - 40 stones (quivered)
Armour
 b - a +0 animal skin
 f - a +0 ring mail (worn)
Scrolls
 d - 2 scrolls of butterflies {unknown}
 h - 4 scrolls of identify {unknown}
 i - a scroll of enchant weapon {unknown}
 k - a scroll of noise {unknown}
 p - a scroll of teleportation {unknown}
Potions
 e - 2 potions of brilliance {unknown}
 g - 5 potions of curing {unknown}
 j - a potion of lignification {unknown}
 l - 2 potions of degeneration {unknown}
 m - a potion of haste {unknown}
 n - 2 potions of attraction {unknown}
 o - a potion of invisibility {unknown}


   Skills:
 - Level 4.2 Fighting
 + Level 6.3 Axes
 - Level 2.4 Armour
 - Level 2.1 Dodging


You had 3 spell levels left.
You didn't know any spells.
Your spell library was empty.

Dungeon Overview and Level Annotations

Branches:
Dungeon (4/15)
 Temple: D:4-7

Altars:

Shops:
D:2 *


Innate Abilities, Weirdness & Mutations

You have a pair of horns on your head.
You reflexively headbutt those who attack you in melee.


Message History

The goblin shouts!
You hit the goblin. Your punch misses the goblin.
The goblin is moderately wounded.
The goblin barely misses you.
You hit the goblin.
You kill the goblin!
Trog accepts your kill.
Things that are here:
a +0 dagger; a goblin corpse
p - a scroll labelled VISILL LEVAUS
c - 40 stones (gained 5)
Found a chain mail.
Found 9 gold pieces.
A jelly comes into view.
The jelly quivers.
The jelly jiggles.
You slash the jelly! The acid corrodes you!
Your hands burn!
You headbutt the jelly.
The jelly is heavily wounded.
The jelly hits you.
You are splashed with acid!
You hit the jelly.
Your hands burn!
The jelly is severely wounded.
The jelly hits you.
You are splashed with acid!
You are too injured to fight recklessly!
You are too injured to fight recklessly!
You are too injured to fight recklessly!
You are too injured to fight recklessly!
You are too injured to fight recklessly!
You hit the jelly.
Your hands burn!
Your headbutt misses the jelly.
The jelly is severely wounded.
The jelly hits you but does no damage.
You hit the jelly.
Your hands burn!
The jelly is severely wounded.
You hit the jelly but do no damage.
Your hands burn!
* * * LOW HITPOINT WARNING * * *
The jelly is severely wounded.
The jelly hits you.
* * * LOW HITPOINT WARNING * * *
The acid corrodes you!
You are splashed with acid!
You die...

..##.. #..# .^...
##..## # ##... #....##
..#....###.....####
........#.........#
..................#
....#....#.#.....##
.........###....#.##
#.##.[.@........#..###
.......J...........#.##
...#..................#
##$##................##
. #........##.....##
.......#..##..#####
....##..#...#......#
##.## #..#..........#
..#.####..#
#.........#..##


You could see a jelly.

Vanquished Creatures
  An orc priest (D:2)
  2 worms (D:2)
  3 dart slugs (D:2)
  8 orcs
  6 endoplasms
  2 giant cockroaches
  6 goblins
  7 hobgoblins
  4 jackals (D:1)
  4 quokkas
  3 ball pythons
  7 bats
  3 frilled lizards (D:2)
  7 kobolds
  2 rats
65 creatures vanquished.

Notes
Turn   | Place    | Note
-------+----------+-------------------------------------------
     0 | D:1      | sillycutie the Minotaur Berserker began the quest for the
                  | Orb.
     0 | D:1      | Reached XP level 1. HP: 19/19 MP: 0/0
   975 | D:1      | Reached XP level 2. HP: 26/27 MP: 1/1
  1069 | D:1      | Reached skill level 4 in Axes
  2014 | D:2      | Reached XP level 3. HP: 33/33 MP: 2/2
  2023 | D:2      | Found a faded altar of an unknown god.
  2357 | D:2      | Reached skill level 5 in Axes
  2414 | D:2      | Found Senlono's Assorted Antiques.
  3694 | D:2      | Reached XP level 4. HP: 29/40 MP: 3/3
  3808 | D:3      | Reached skill level 6 in Axes
  3885 | D:3      | Reached ** piety under Trog
  4495 | D:4      | Splashed by a jelly's acid

Illustrated notes

Levels and vault maps discovered:
D:1:      dpeg_arrival_rooms_b, layout_basic
D:2:      layout_loops_cross, dreamdust_ecumenical_altar_grove, serial_shops,
          shop_statue, minmay_misc_feat_secret_circle, minmay_octomino_e4
D:3:      layout_rooms
D:4:      cheibrodos_barr_body, layout_cave_pools,
          nicolae_overflow_quartered_altars

Skill      XL: |  1  2  3  4 |
---------------+-------------+-----
Fighting       | 4 |  4.2
Axes           | 4 5 6 |  6.3
Armour         | |  2.4
Dodging        | |  2.1

Action                   |  1- 3 |  4- 6 || total
-------------------------+-------+-------++-------
Melee: Hand axe          |   109 |    44 ||   153
       Headbutt          |    24 |     3 ||    27
Invok: Berserk           |     3 |       ||     3
Armor: Animal skin       |     9 |       ||     9
       Ring mail         |    27 |    17 ||    44
Dodge: Dodged            |    56 |    21 ||    77
